Cogmind - Beta 14 @@@ ROGUE MODE // 2024.08.15 @ 22:07:17 Player: jimmyl Result: Destroyed by Y-45 Defender with Heavy Assault Rifle Performance ------------- Evolutions (1) 500 Regions Visited (3) 600 Robots Destroyed (60) 300 Value Destroyed (1593) 1593 Prototype IDs (5) 100 Alien Tech Used (0) 0 Bonus (94) 94 TOTAL SCORE: 3187 Bonus ------- High Alert Combat Kills 163 Follower Combat Kills 129 Friendly Fire -198 Cogmind --------- Core Integrity 0/400 Matter 283/300 Energy 280/280 System Corruption 0% Temperature Warm (139) Movement Core (350) Ox6 Location -9/Storage Parts ------- > --- POWER (1) -------- Heavy Ion Engine > --- PROPULSION (4) --- (None) > --- UTILITY (2) ------ Small Storage Unit > --- WEAPON (2) ------- Advanced Beam Cannon Improved Assault Rifle > --- INVENTORY (8) ---- Improved Ion Engine Wheel Wheel Sensor Array Improved Medium Laser Advanced Beam Cannon Improved Assault Rifle Mini Grenade Launcher Peak State ------------ > --- POWER ------------ Heavy Ion Engine > --- PROPULSION ------- Light Treads > --- UTILITY ---------- Heat Sink Small Storage Unit > --- WEAPON ----------- Improved Medium Laser Advanced Beam Cannon > --- INVENTORY -------- Improved Ion Engine Wheel Wheel Sensor Array Improved EM Shotgun Improved Medium Laser Advanced Beam Cannon Mini Grenade Launcher [Rating: 13] Favorites ----------- Power Light Ion Engine Engine Light Ion Engine Propulsion Aluminum Leg Treads Light Treads Leg Aluminum Leg Utility Small Storage Unit Device Heat Sink Storage Small Storage Unit Weapon Beam Cannon Energy Gun Medium Laser Energy Cannon Beam Cannon Ballistic Gun Light Assault Rifle Launcher Mini Grenade Launcher Build | -11 -10 -9 -9 ------- Run | Yrd Mat Mat Sto Slots Evolved 2 | . . 2 . Power . | . . . . Propulsion 2 | . . 2 . Utility . | . . . . Weapon . | . . . . Parts Attached 32 | . 11 11 10 Power 6 | . 2 3 1 Engine 6 | . 2 3 1 Core . | . . . . Reactor . | . . . . Propulsion 7 | . 4 3 . Treads 2 | . . 2 . Leg 5 | . 4 1 . Wheel . | . . . . Hover . | . . . . Flight . | . . . . Utility 3 | . . 1 2 Device 3 | . . 1 2 Storage . | . . . . Processor . | . . . . Hackware . | . . . . Protection . | . . . . Artifact . | . . . . Weapon 16 | . 5 4 7 Energy Gun 5 | . 2 . 3 Energy Cannon 4 | . 1 2 1 Ballistic Gun 4 | . 2 1 1 Ballistic Cannon . | . . . . Launcher 3 | . . 1 2 Special Weapon . | . . . . Impact Weapon . | . . . . Slashing Weapon . | . . . . Piercing Weapon . | . . . . Special Melee Weapon . | . . . . Unidentified Prototypes 5 | . . . 5 Parts Lost 14 | . 2 8 4 Power 4 | . . 3 1 Propulsion 7 | . 2 3 2 Utility 1 | . . . 1 Weapon 2 | . . 2 . Highest Loss Streak 4 | . 2 4 2 To Critical Strikes . | . . . . Average Slot Usage (%) 68 | . 80 68 64 Engine 9 | . 13 8 8 Treads 8 | . . 6 13 Leg 10 | . 24 13 . Device 7 | . . 7 10 Storage 11 | . 14 11 11 Energy Gun 2 | . 9 . 2 Energy Cannon 12 | . 4 15 12 Ballistic Gun 6 | . 13 5 4 Peak Build Rating 13 | . 6 7 13 Average Rating 8 | . 5 6 10 On Entrance 6 | 6 6 6 7 Naked Turns . | . . . . Heaviest Build 21 | 12 12 17 21 Greatest Support 40 | 20 20 40 40 Greatest Overweight (x) 3 | . 3 1 1 Average Overweight (x) . | . . . . Largest Inventory Capacity 8 | . 8 8 8 Average Capacity 8 | . 8 8 8 Most Carried 8 | . 7 8 8 Average Carried 6 | . 6 5 6 Final Capacity 8 | 8 8 8 8 Final Carried 8 | 6 7 5 8 Class Distribution -------------------- 100% | Mutant Dominant Class ---------------- Mutant | -10/Materials Mutant | -9/Materials Mutant | -9/Storage Resources | -11 -10 -9 -9 ----------- Run | Yrd Mat Mat Sto Matter Collected 737 | 200 188 131 218 Remotely . | . . . . Salvage Created 1829 | . 280 640 909 Parts 104 | . 13 38 53 Haulers Intercepted 3 | . . . 3 Recyclers Shooed . | . . . . Parts Field Recycled . | . . . . Retrieved Matter . | . . . . Parts Self-Destructed . | . . . . Prevented . | . . . . Kills | -11 -10 -9 -9 ------- Run | Yrd Mat Mat Sto Combat Hostiles Destroyed 46 | . 7 18 21 Guns 16 | . 6 2 8 Cannons 16 | . 1 11 4 AOE 14 | . . 5 9 Classes Destroyed 9 | . 2 3 4 Worker 3 | . 1 1 1 Builder 4 | . . . 4 Hauler 3 | . . . 3 Recycler 1 | . . . 1 Watcher 2 | . . 2 . Swarmer 12 | . . 8 4 Grunt 29 | . 7 7 15 Protector 1 | . . . 1 Sentry 4 | . . 3 1 Thug 1 | . . . 1 Best Kill Streak 8 | . 2 6 8 Combat Bots Only 6 | . 2 6 5 Max Kills in Single Turn 4 | . 1 3 4 Gunslinging . | . . . . Exploded 3 | . . 3 3 Melee . | . . . . Uniques/NPCs Destroyed . | . . . . Combat | -11 -10 -9 -9 -------- Run | Yrd Mat Mat Sto Hostile Shots Fired 217 | . 43 107 67 Missed 54 | . 9 28 17 Damage Taken 2116 | . 451 948 717 Core 477 | . 76 200 201 Absorbed by Shields . | . . . . Core Remaining (%) 84 | 100 69 . . Volleys Fired 131 | . 34 61 36 Largest 2 | . 2 2 2 Hottest 120 | . 80 120 120 Shots Fired 237 | . 68 105 64 Gun 113 | . 63 24 26 Cannon 110 | . 5 75 30 Launcher 14 | . . 6 8 Special . | . . . . Kinetic 83 | . 34 24 25 Thermal 139 | . 34 75 30 Explosive 8 | . . . 8 Electromagnetic 7 | . . 6 1 Robot Hit Streak 16 | . 16 10 12 Robot Miss Streak 8 | . 3 8 2 Penetration Max . | . . . . Secondary Targets . | . . . . Shots Hit Robots 152 | . 49 63 40 Core Hits 96 | . 15 29 52 Critical Kills . | . . . . Critical Parts Destroyed . | . . . . Critical Strikes . | . . . . Melee Attacks . | . . . . Impact . | . . . . Slashing . | . . . . Piercing . | . . . . Sneak Attacks . | . . . . Combat Hostiles . | . . . . Follow-up Attacks . | . . . . Damage Inflicted 3947 | . 645 1314 1988 Guns 1057 | . 610 153 294 Cannons 1275 | . 35 841 399 Explosions 1590 | . . 298 1292 Melee . | . . . . Ramming 25 | . . 22 3 Kinetic 747 | . 312 153 282 Thermal 1590 | . 333 858 399 Explosive 1292 | . . . 1292 Electromagnetic 293 | . . 281 12 Impact . | . . . . Slashing . | . . . . Piercing . | . . . . Highest Corruption . | . . . . Average Corruption . | . . . . Corruption Purged . | . . . . Corruption Blocked . | . . . . Overload Shots . | . . . . Overflow Damage 44 | . . 18 26 Projectiles . | . . . . Explosions 44 | . . 18 26 Melee . | . . . . Knockbacks 1 | . . . 1 Impact 1 | . . . 1 Kinetic . | . . . . Secondary . | . . . . Self-Inflicted Damage 85 | . . 20 65 Shots 4 | . . 2 2 Rammed 1 | . . . 1 Targets Rammed 6 | . . 5 1 Kicked 5 | . . 5 . Crushed . | . . . . Highest Temperature 297 | . 297 210 230 Average Temperature 74 | . 114 51 53 Received Heat Transfer 948 | . 219 402 327 Effects 3 | . . . 3 Energy Bleed 1 | . . . 1 Interference 2 | . . . 2 Siege Activations . | . . . . Robots Corrupted . | . . . . Combat Hostiles . | . . . . Parts Fried 1 | . . 1 . Impact Corruptions . | . . . . Robots Melted . | . . . . Combat Hostiles . | . . . . Parts Melted 7 | . 1 4 2 Heat Transferred 3578 | . 962 1876 740 Parts Sabotaged . | . . . . Parts Stolen . | . . . . Parts Stripped . | . . . . Power Chain Reactions 1 | . . 1 . Alert | -11 -10 -9 -9 ------- Run | Yrd Mat Mat Sto Peak Influence 862 | . 185 438 862 Initial 174 | . . 78 174 Average 311 | . 100 278 436 Maximum Alert Level 3 | . . 2 3 Low Security (%) 35 | . 100 25 17 Level 1 30 | . . 58 15 Level 2 32 | . . 15 62 Level 3 1 | . . . 4 Level 4 . | . . . . Level 5 . | . . . . High Security . | . . . . Max Security . | . . . . Squads Dispatched 11 | . 2 3 6 Investigation 3 | . . 2 1 Extermination . | . . . . Reinforcement 5 | . 2 1 2 Assault 3 | . . . 3 Garrison . | . . . . Intercept . | . . . . Searches Triggered . | . . . . Construction Impeded 1 | . . . 1 Haulers Reinforced . | . . . . Active Scanning Responses . | . . . . Cargo Convoy Interrupts . | . . . . Stealth | -11 -10 -9 -9 --------- Run | Yrd Mat Mat Sto Distress Signals 4 | . 1 3 . Communications Jammed . | . . . . Distress Signals . | . . . . Times Spotted 80 | . 15 28 37 Peak Tracking Total 10 | . 4 8 10 Tactical Retreats 2 | . . 1 1 Traps | -11 -10 -9 -9 ------- Run | Yrd Mat Mat Sto Traps Triggered 7 | . 4 2 1 Indirectly 1 | . . 1 . Trap Hack Attempts . | . . . . Triggered . | . . . . Disarmed . | . . . . Reprogrammed . | . . . . Reused . | . . . . Traps Extracted . | . . . . Installed . | . . . . Triggered . | . . . . Machines | -11 -10 -9 -9 ---------- Run | Yrd Mat Mat Sto Machines Disabled 6 | . . 3 3 Max in Single Turn 2 | . . 2 1 Garrison Access 1 | . . . 1 Machines Repaired . | . . . . Machines Dismantled . | . . . . Machines Sabotaged . | . . . . Overloaded Fab Kills . | . . . . Hacking | -11 -10 -9 -9 --------- Run | Yrd Mat Mat Sto Machines Accessed 4 | . . 1 3 Terminals 4 | . . 1 3 Fabricators . | . . . . Repair Stations . | . . . . Recycling Units . | . . . . Scanalyzers . | . . . . Garrison Access . | . . . . Total Hacks 5 | . . 1 4 Successful 3 | . . 1 2 Failed 2 | . . . 2 Catastrophic 1 | . . . 1 Database Lockouts . | . . . . Manual 1 | . . 1 . Terminals 5 | . . 1 4 Fabricators . | . . . . Repair Stations . | . . . . Recycling Units . | . . . . Scanalyzers . | . . . . Garrison Access . | . . . . Terminal Hacks 3 | . . 1 2 Open Door 2 | . . . 2 Branch Access Points 1 | . . 1 . Fabricator Hacks . | . . . . Repair Station Hacks . | . . . . Recycling Unit Hacks . | . . . . Scanalyzer . | . . . . Garrison Access Hacks . | . . . . Unauthorized Hacks . | . . . . Terminals . | . . . . Fabricators . | . . . . Repair Stations . | . . . . Recycling Units . | . . . . Scanalyzers . | . . . . Garrison Access . | . . . . Data Cores Recovered . | . . . . Used . | . . . . Hacking Detections 2 | . . 1 1 Full Trace Events 1 | . . . 1 Feedback Events . | . . . . Feedback Blocked . | . . . . Robot Schematics Acquired . | . . . . Robots Built . | . . . . Authchips . | . . . . Time . | . . . . Total Robot Build Rating . | . . . . Part Schematics Acquired . | . . . . Parts Built . | . . . . Authchips . | . . . . Time . | . . . . Total Part Build Rating . | . . . . Parts Repaired . | . . . . Time . | . . . . Parts Recycled . | . . . . Recycled Matter . | . . . . Retrieved Matter . | . . . . Retrieved Components . | . . . . Parts Scanalyzed . | . . . . Part Schematics Acquired . | . . . . Parts Damaged . | . . . . Bothacking | -11 -10 -9 -9 ------------ Run | Yrd Mat Mat Sto Used RIF Installer . | . . . . Robots Hacked . | . . . . Non-combat . | . . . . Combat . | . . . . Robot Hacks Applied . | . . . . Relay Couplers Released 2 | . . . 2 Machine Destruction 2 | . . . 2 Fabnet Peak Effective % . | . . . . Robots Rewired . | . . . . Allies Hacked . | . . . . Hacks Repelled . | . . . . Allies | -11 -10 -9 -9 -------- Run | Yrd Mat Mat Sto Total Allies 2 | . . . 2 Largest Group 2 | . . . 2 Highest-Rated Group 62 | . . . 62 Highest-Rated Ally 31 | . . . 31 Total Orders 1 | . . . 1 EXPLORE 1 | . . . 1 Ally Attacks 19 | . . . 19 Total Damage 233 | . . . 233 Kills 5 | . . . 5 Allies Corrupted . | . . . . Allies Melted . | . . . . Intel | -11 -10 -9 -9 ------- Run | Yrd Mat Mat Sto Robot Analysis Total . | . . . . Derelict Logs Recovered . | . . . . Drone Launches 2 | . . . 2 Drone Recoveries . | . . . . Exploration | -11 -10 -9 -9 ------------- Run | Yrd Mat Mat Sto Turns Passed 1874 | . 340 761 773 Spaces Moved 856 | 1 158 395 302 Core 10 | . 10 . . Treads 420 | . . 118 302 Legs 426 | 1 148 277 . Wheels . | . . . . Hover . | . . . . Flight . | . . . . Fastest Speed 120 | 120 120 120 160 Average Speed 157 | 120 127 134 202 Slowest Speed 240 | 120 200 190 240 Overloaded Moves . | . . . . Propulsion Burnouts . | . . . . Robots Hopped . | . . . . Cave-ins Triggered . | . . . . Exploration Rate (%) 32 | 2 38 44 46 Regions Visited 3 Branch Regions 1 Pre-discovered Areas . | . . . . Known Exits Taken 1 | . . 1 . Unknown Exits Taken 2 | 1 1 . . Scrap Searched . | . . . . Spaces Dug . | . . . . Terrain Destroyed 66 | . . 2 64 Melee . | . . . . Projectile . | . . . . AOE 66 | . . 2 64 Terrain Rammed . | . . . . Walls Destroyed . | . . . . Machines Disabled . | . . . . Actions | -11 -10 -9 -9 --------- Run | Yrd Mat Mat Sto Total 1146 | . 225 522 399 Wait 102 | . 19 46 37 Move 853 | . 157 394 302 Hop . | . . . . Pick Up 10 | . 2 4 4 Fast Attach 20 | . 10 4 6 Attach 8 | . 1 6 1 Detach 3 | . . . 3 Swap 4 | . . 1 3 Drop 9 | . 2 1 6 Fire 131 | . 34 61 36 Melee . | . . . . Ram . | . . . . Kick 5 | . . 5 . Crush 1 | . . . 1 Escape Stasis . | . . . . Rewire . | . . . . Trap . | . . . . Miscellaneous . | . . . . Route ------- -11/Scrapyard -10/Materials -9/Materials (discovered 2 exits: *Min / *Sto) -9/Storage History --------- Turn | Location | Event 1 | -11/Scrapyard | Discovered new exit (range 0) 1 | -11/Scrapyard | Entered Materials 314 | -10/Materials | Build established: Mutant 323 | -10/Materials | Discovered new exit (range 15) 341 | -10/Materials | Entered another Materials area 341 | -9/Materials | Evolved 2 slots: Propulsion x2 638 | -9/Materials | Lost 4 parts (2p1n1w) 915 | -9/Materials | Identified exit to Mines 915 | -9/Materials | Identified exit to Storage 921 | -9/Materials | Lost 4 parts (1p2n1w) 1102 | -9/Materials | Entered Storage 1298 | -9/Storage | Core integrity fell below 50% 1307 | -9/Storage | Met a pair of Derelict thieves 1846 | -9/Storage | Core integrity fell below 20% 1875 | -9/Storage | Destroyed by Y-45 Defender with Heavy Assault Rifle Last Messages --------------- 01847_ G-34 Mercenary destroyed. 01848_ Transport Mainframe disabled. 01852_ Critical hit (Burn: +37). 01855_ Heat Sink destroyed. 01856_ G-47 Trooper destroyed. 01860_ Critical hit (Burn: +37). 01862_ G-34 Mercenary destroyed. 01863_ C-30 ARC bursts open, deploying its payload. 01863_ G-47 Trooper unfolds itself. 01863_ G-34 Mercenary unfolds itself. 01863_ B-36 Bruiser unfolds itself. 01863_ M-13 Machinist unfolds itself. 01865_ G-34 Mercenary destroyed. 01866_ Overheating: System interference. 01866_ Imp. Assault Rifle temporarily disabled. 01866_ Adv. Beam Cannon temporarily disabled. 01867_ Overheating: Energy bleed (-30). 01869_ Lgt. Treads destroyed. 01870_ K-01 Serf collects debris. 01872_ Critical hit (Burn: +37). Map ----- +----------------------------------------------------+ | "]/"??## ##! !#??????????????????? | | + "]]"? ## ##! !#??????????????????? | | ##= "" ## ##! !#??????????????????? | | # # ## ######??????????????????? | | ########+##### #??????????????????????? | | % #??????????????????????? | | [ ! #??????????????????????? | | [* %% % #??????????????????????? | | #####+######## #??????????????????????? | | / % """ ######+######???????????????????? | | """ # #???????????????????? | | # """ # #???????????????????? | | # # #???????????????????? | | # # #???????????????????? | | # # #???????????????????? | | ? # #???????????????????? | | ? # #???????????????????? | | #############/##############??????????????? | | ????# #T#??????????????? | | ????# [+ "??????????????? | | ????# %[# "??????????????? | | ????######/#############%# "??????????????? | | ???????? ????????????#*#?#??????????????? | | ???????"" ?????????#"??#%#????????????????? | | ?????# "Y ???????### *"#+#######??????????? | | ?????" ""????????# !!=[%=@*%= #??????????? | | ?????? ?????????#b"""%% =" #??????????? | | ??????? ?????????# """"% """g/ #??????????? | | ?????????????????# """gY"""" #??????????? | | ???????????????????""""k"""" !#??????????? | | ??????????????????? g m #??????????? | | ??????????????????######+#######??????????? | | ??????????????????????? % ????????????????? | | ??????????????????????? ?????????????????? | | ???????????????????????? ?????????????????? | | ??????????????????????????????????????????? | | ??????????????????????????????????????????? | | ??????????????????????????????????????????? | | ??????????????????????????????????????????? | | ??????????????????????????????????????????? | | ??????????????????????????????????????????? | | ??????????????????????????????????????????? | | ??????????????????????????????????????????? | | ??????????????????????????????????????????? | | ??????????????????????????????????????????? | | ??????????????????????????????????????????? | | ??????????????????????????????????????????? | | ??????????????????????????????????????????? | | ??????????????????????????????????????????? | | ??????????????????????????????????????????? | +----------------------------------------------------+ Best States ------------- Heat Dissipation 38 Energy Generation 14 Energy Capacity 280 Matter Stores 300 Matter Capacity 300 Sight Range 16 Terrain Scan Density 10 Evasion (%) 55 Recoil Reduction 2 Item Schematics ----------------- None Robot Schematics ------------------ None Fabricated ------------ Nothing Alien Tech Used ----------------- None Achievements -------------- None Challenges ------------ None Game ------ Seed DrainedBottomlessCloak Manual? 0 Play Time 00:14:43 Cumulative 99.4 hours Start 2024.08.15 @ 21:54:49 End 2024.08.15 @ 22:07:17 Sessions 1 Manual Loads 0 Difficulty Rogue Special Mode None Game No. 170 Rogue 169 Adventurer 1 Explorer 0 Win Type - Total 0 Types 0/0/0/0/0/0/0/0/0 Lore% 59 Gallery% 62 Achievement% 48 Wizard Run 0 Options --------- Layout 1 ASCII 0 Keyboard 0 Movement Mouse Keybinds 0 Fullscreen 2 Font 20/SmallcapsGlow Map View 54x42 Zoom Use 0% Tactical HUD 1 Map Filters NONE Filters NONE Steam 0 RUN: a0473ad9-7650-47a0-be94-700ac631df2b